Map: Year Zero LE

Players

Awers - Winner!

  • Race: Terran Terran
  • Spawn Location: 1:00

Cronos

  • Race: Protoss Protoss
  • Spawn Location: 11:00

Event: 2019 WCS Spring

VOD

Have the link to the VOD?

Description

Time

  • Played on: May 17, 2019, 7:16 a.m.
  • Length: 9:39

All games in this series

Show
View Real Time Build Order
Export as new Build Order

Awers Terran - Winner!

Build Orders: Liberator Opening 

Get SALT Encoding   

  12  0:00  SCV  
  13  0:13  SCV  
  14  0:18  Supply Depot  
  14  0:25  SCV  
  15  0:40  SCV  
  16  0:45  Barracks  
  16  0:47  Refinery  
  16  0:52  SCV  
  17  0:57  Refinery  
  17  1:04  SCV  
  18  1:16  SCV  
  19  1:32  Orbital Command  
  19  1:33  Reaper  
  20  1:44  Factory  
  20  1:52  Supply Depot  
  20  1:58  SCV  
  21  2:05  Reaper  
  22  2:25  SCV  
  23  2:30  Starport  
  23  2:31  Factory Tech Lab  
  23  2:38  SCV  
  23  2:59  SCV  
  23  3:00  Cyclone  
  26  3:06  Command Center  
  26  3:10  Viking  
  28  3:17  Barracks  
  28  3:23  Supply Depot  
  28  3:27  SCV  
  28  3:31  Liberator  
  29  3:40  SCV  
  30  3:45  Siege Tank  
  33  3:53  SCV  
  37  3:58  Supply Depot  
  37  4:04  Barracks Reactor  
  37  4:09  Barracks  
  37  4:13  SCV  
  38  4:19  Orbital Command  
  38  4:25  Siege Tank  
  38  4:27  SCV  
  42  4:45  Marine x2  
  44  4:46  SCV  
  44  4:47  SCV  
  44  4:48  Supply Depot  
  46  4:58  SCV, Orbital Command, Barracks Tech Lab  
  47  5:05  Marine x2  
  47  5:06  Engineering Bay  
  49  5:10  SCV  
  50  5:16  Starport Reactor  
  50  5:19  Stimpack  
  50  5:23  Marine x2  
  51  5:30  SCV  
  51  5:32  Siege Tank, Marine  
  56  5:39  Terran Infantry Weapons Level 1  
  56  5:41  Marine  
  57  5:43  SCV x2  
  57  5:44  Marine  
  57  5:48  Supply Depot  
  57  5:55  Marine  
  57  5:56  Missile Turret  
  59  5:57  SCV  
  59  5:58  SCV  
  60  6:04  Supply Depot  
  60  6:07  Marine x2  
  60  6:10  SCV  
  63  6:12  SCV  
  63  6:15  Marine  
  63  6:17  Medivac x2  
  69  6:22  SCV  
  69  6:23  Supply Depot  
  70  6:28  Marine x2  
  70  6:31  SCV  
  73  6:34  SCV, Barracks  
  73  6:35  Marine  
  73  6:37  Siege Tank, Liberator  
  78  6:41  Supply Depot  
  78  6:44  Missile Turret  
  78  6:45  SCV  
  79  6:53  Marine x3  
  85  7:09  SCV  
  85  7:11  Command Center, Marine x2  
  85  7:13  Marine  
  89  7:18  SCV, Supply Depot  
  89  7:19  Combat Shield  
  90  7:28  Marine  
  90  7:29  Barracks Reactor  
  91  7:30  Marine  
  91  7:31  SCV, Marine  
  91  7:33  Supply Depot  
  91  7:34  Refinery  
  85  7:53  Marine x3  
  85  7:54  SCV  
  85  7:56  Refinery  
  89  8:09  Marine  
  89  8:10  Marine x2  
  89  8:11  Marine  
  90  8:16  Marine  
  87  8:24  SCV, Barracks  
  87  8:26  Barracks  
  88  8:27  Orbital Command, Marine x2  
  88  8:28  Marine  
  91  8:35  Marine x2  
  90  8:42  Engineering Bay  
  90  8:43  Armory, SCV  
  87  8:52  Orbital Command  
  84  8:55  Marine  
  84  8:56  Marine x3  
  84  8:57  SCV  
  89  9:07  SCV  
  90  9:16  Barracks Reactor  
  90  9:17  Barracks Reactor  
  89  9:19  SCV x2  
  96  9:31  Ghost Academy  
Show
View Real Time Build Order
Export as new Build Order

Cronos Protoss 

Build Orders: Chargelot Immortal 

Get SALT Encoding   

  12  0:01  Probe  
  13  0:13  Probe  
  14  0:19  Pylon  
  14  0:25  Probe  
  15  0:37  Gateway  
  15  0:43  Probe  
  15  0:46  Assimilator  
  16  0:56  Probe  
  17  0:57  Assimilator  
  17  1:07  Probe  
  18  1:15  Probe  
  19  1:27  Cybernetics Core  
  19  1:32  Probe, Gateway  
  20  1:51  Probe  
  20  1:52  Pylon  
  21  2:02  Stalker  
  23  2:19  Stalker  
  22  2:27  Probe  
  24  2:34  Stalker, Robotics Facility  
  26  2:39  Probe  
  25  2:51  Probe  
  24  3:03  Probe  
  25  3:07  Warp Gate  
  25  3:15  Probe  
  25  3:18  Pylon  
  26  3:28  Observer  
  26  3:31  Probe  
  28  3:43  Probe  
  29  3:55  Probe  
  29  3:58  Nexus  
  29  4:00  Pylon  
  30  4:11  Probe  
  31  4:21  Gateway  
  31  4:24  Probe  
  31  4:28  Immortal  
  31  4:30  Observer  
  36  4:42  Probe  
  37  4:54  Probe  
  37  5:04  Observer  
  37  5:06  Probe  
  39  5:17  Probe  
  39  5:18  Twilight Council, Probe  
  41  5:29  Probe  
  41  5:31  Probe  
  40  5:37  Stalker  
  40  5:41  Probe x2  
  43  5:49  Probe  
  44  5:53  Probe  
  44  5:56  Sentry x2  
  50  5:57  Probe  
  50  5:59  Charge  
  51  6:05  Probe  
  51  6:09  Probe  
  53  6:15  Zealot  
  53  6:17  Probe  
  56  6:21  Immortal, Probe  
  61  6:26  Forge  
  61  6:29  Probe  
  62  6:38  Assimilator  
  62  6:42  Gateway  
  62  6:44  Gateway  
  62  6:47  Probe  
  62  7:09  Assimilator  
  62  7:10  Pylon  
  62  7:11  Pylon  
  62  7:12  Pylon  
  62  7:27  Shield Battery  
  62  7:29  Immortal, Probe x2  
  68  7:32  Shield Battery  
  68  7:41  Probe x2  
  68  7:44  Stalker x2  
  64  7:53  Probe x2  
  66  8:00  Zealot x3  
  72  8:06  Probe  
  72  8:08  Immortal  
  71  8:20  Probe  
  71  8:23  Stalker x3  
  78  8:33  Pylon  
  78  8:35  Shield Battery  
  64  8:46  Zealot x2  
  56  8:53  Zealot x2  
  47  9:09  Zealot  
  39  9:14  Zealot  
  39  9:15  Zealot  
  32  9:31  Gateway  
  32  9:33  Gateway  
Tags
 
Add a new tag
Caveats
  • Supply blocks, unpowered buildings, or Contaminate may cause inaccurate times.
  • Supply counts are checked every 10 seconds.